 Dungeon Crawl Stone Soup version 0.29.1-13-g9f3cf754e1 (webtiles) character file.

Game seed: 13901275108169449976

72 DemonSlayer the Digger (level 4, -5/30 HPs)
             Began as a Demonspawn Earth Elementalist on Jan 31, 2023.
             Killed from afar by Jessica (24 damage)
             ... with a bolt of dispelling energy
             ... on level 2 of the Dungeon.
             The game lasted 00:03:07 (1753 turns).

DemonSlayer the Digger (DsEE)                       Turns: 1753, Time: 00:03:08

Health: -5/30      AC:  2    Str: 10    XL:     4   Next: 7%
Magic:  1/8        EV: 12    Int: 16    God:
Gold:   129        SH:  0    Dex: 14    Spells: 4/8 levels left

rFire   . . .      SeeInvis .   j - +1 whip (vamp)
rCold   . . .      Faith    .   (no shield)
rNeg    . . .      Spirit   .   a - +0 robe
rPois   .          Reflect  .   (no helmet)
rElec   .          Harm     .   (no cloak)
rCorr   .          Rampage  .   (no gloves)
Will    .....                   (no boots)
Stlth   ++........              (no amulet)
HPRegen 0.10/turn               (no ring)
MPRegen 0.11/turn               (no ring)

@: no status effects
A: hooves 1, weakness stinger 2
a: no special abilities


You were on level 2 of the Dungeon.
You visited 1 branch of the dungeon, and saw 2 of its levels.

You collected 129 gold pieces.

Inventory:

Hand Weapons
 b - a +0 dagger
 j - a +1 vampiric whip (weapon)
Armour
 a - a +0 robe (worn)
Scrolls
 c - 7 scrolls of identify {unknown}
 d - a scroll of enchant weapon {unknown}
 e - a scroll of noise {unknown}
 f - a scroll of immolation {unknown}
Potions
 g - a potion of heal wounds {unknown}
 h - 2 potions of haste {unknown}
 i - a potion of cancellation {unknown}


   Skills:
 + Level 0.1 Fighting
 + Level 0.1 Short Blades
 + Level 2.3 Dodging
 + Level 2.1 Stealth
 + Level 2.6 Spellcasting
 + Level 0.8 Transmutations
 + Level 3.5 Earth Magic


You had 4 spell levels left.
You knew the following spells:

 Your Spells              Type           Power      Damage    Failure   Level
a - Sandblast             Erth           26%        2d8       4%          1
b - Stone Arrow           Conj/Erth      14%        3d7       28%         3

Your spell library contained the following spells:

 Spells                   Type           Power      Damage    Failure   Level
 Passwall                 Tmut/Erth      7%         N/A       12%         2
 Petrify                  Tmut/Erth      9%         N/A       61%         4


Dungeon Overview and Level Annotations

Branches:
Dungeon (2/15)

Altars:

Annotations:
D:2 Jessica


Innate Abilities, Weirdness & Mutations

You have large cloven feet.
You have a tail ending in a sharp stinger.


Message History

You can't see any susceptible monsters within range! (Use Z to cast anyway.)
An adder and a rat come into view.
Found a stone staircase leading up.
The goblin shouts!
The hobgoblin shouts!
The adder hisses angrily.
The blast of sand hits the hobgoblin.
The hobgoblin is almost dead.
The hobgoblin barely misses you.
Jessica the Apprentice Sorceress comes into view.
She is wielding a +0 club, wearing a +1 robe of positive energy and carrying a wand of quicksilver (12).
The blast of sand hits the hobgoblin.
You kill the hobgoblin!
Jessica shouts!
Jessica casts a spell.
Jessica blinks!
The rat completely misses you. The goblin hits you but does no damage.
The blast of sand hits the goblin.
You kill the goblin!
The adder bites you.
You are poisoned.
The adder poisons you! The rat misses you.
You feel sick. The rat closely misses you.
Jessica casts a spell.
Jessica blinks!
The adder misses you. The adder attacks as you move away!
The adder barely misses you.
You feel sick.
You feel sick.
The blast of sand hits the rat.
You kill the rat!
You feel sick.
You are no longer poisoned.
The adder bites you.
The blast of sand hits the adder!
You kill the adder!
You have reached level 4!
You feel agile.
Your demonic ancestry asserts itself...
Your feet thicken and deform.
The blast of sand hits Jessica.
Jessica is lightly wounded.
Jessica zaps a wand.
The bolt of dispelling energy hits you!!
Ouch! That really hurt!
You die...

...<..... ........# ........#
........# ........# ........#
......).######## #..@@....# .#
#############.# ..###.........#
#.########### .............#
#...........# >.##.........#
###.........# #.##.......(.#
#.........# #.##.........#
##.........#
#.##.........####..........#
#####.รท...(..........[.........#


You could see Jessica.

Vanquished Creatures
  2 adders (D:2)
  3 dart slugs
  4 endoplasms
  8 goblins
  8 hobgoblins
  2 jackals (D:1)
  3 quokkas (D:1)
  A ball python (D:1)
  3 bats (D:1)
  2 frilled lizards (D:1)
  3 kobolds
  4 rats
43 creatures vanquished.

Vanquished Creatures (others)
  6 demonic plants (D:1)
  4 fungi (D:1)
  6 plants (D:1)
  A withered plant (D:1)
17 creatures vanquished.

Grand Total: 60 creatures vanquished

Notes
Turn   | Place    | Note
-------+----------+-------------------------------------------
     0 | D:1      | DemonSlayer the Demonspawn Earth Elementalist began the
                  | quest for the Orb.
     0 | D:1      | Reached XP level 1. HP: 13/13 MP: 3/3
   271 | D:1      | Discovered your monstrous ancestry.
   271 | D:1      | Gained mutation: You have a small tail. [demonic ancestry]
   271 | D:1      | Reached XP level 2. HP: 8/19 MP: 5/5
   541 | D:1      | Reached skill level 3 in Earth Magic
   591 | D:1      | Found a faded altar of an unknown god.
   810 | D:1      | Gained mutation: You have a tail ending in a sharp stinger.
                  | [demonic ancestry]
   810 | D:1      | Reached XP level 3. HP: 12/24 MP: 0/6
  1293 | D:1      | You fall into a shaft and drop 1 floor!
  1488 | D:1      | Learned a level 3 spell: Stone Arrow
  1745 | D:2      | Noticed Jessica
  1753 | D:2      | Gained mutation: You have large cloven feet. [demonic
                  | ancestry]
  1753 | D:2      | Reached XP level 4. HP: 19/30 MP: 2/8
  1753 | D:2      | Killed from afar by Jessica

Illustrated notes

Levels and vault maps discovered:
D:1:      minmay_arrival_nine_rooms, layout_loops_ring,
          shapermc_ecumenical_altar_gd, dreamdust_princess_corridor,
          minmay_misc_feat_enclosed, minmay_circled_x
D:2:      layout_rooms, uniq_robin, uniq_jessica

Skill      XL: |  1  2  3 |
---------------+----------+-----
Dodging        | 2 |  2.3
Earth Magic    | 3 |  3.5
Stealth        | 2 |  2.1
Fighting       | |  0.1
Short Blades   | |  0.1
Spellcasting   | |  2.6
Transmutations | |  0.8

Action                   |  1- 3 |  4- 6 || total
-------------------------+-------+-------++-------
Melee: Dagger            |    21 |       ||    21
       Unarmed           |     4 |       ||     4
       Tailslap          |     3 |       ||     3
       Whip              |     2 |       ||     2
 Cast: Sandblast         |    48 |     1 ||    49
  Use: Potion            |     1 |       ||     1
 Stab: Sleeping          |     2 |       ||     2
Armor: Robe              |    10 |       ||    10
Dodge: Dodged            |    40 |       ||    40
